 Dungeon Crawl Stone Soup version 0.28-a0-474-g535839065c (webtiles) character file.

Game seed: 10663403027356674084

7 spiderkeys the Skirmisher (level 2, -8/21 HPs)
             Began as an Octopode Abyssal Knight on Sept 16, 2021.
             Was a Follower of Lugonu.
             Mangled by an ancient zyme (11 damage)
             ... on level 1 of the Abyss.
             The game lasted 00:00:37 (362 turns).

spiderkeys the Skirmisher (Octopode Abyssal Knight)  Turns: 362, Time: 00:00:38

Health: -8/21      AC:  1    Str: 11    XL:     2   Next: 4%
Magic:  3/3        EV: 13    Int: 14    God:    Lugonu [*.....]
Gold:   10         SH:  0    Dex: 11    Spells: 1/1 levels left

rFire   . . .      SeeInvis .   a - +1 spear
rCold   . . .      Faith    .   (no shield)
rNeg    . . .      Spirit   .   (helmet restricted)
rPois   .          Reflect  .   (no amulet)
rElec   .          Harm     .   (no ring)
rCorr   .          Rampage  .   (no ring)
Will    .....                   (no ring)
Stlth   ++........              (no ring)
HPRegen 0.00/turn               (no ring)
MPRegen 0.08/turn               (no ring)
                                (no ring)
                                (no ring)

@: mighty, diseased
A: almost no armour, amphibious, 8 rings, camouflage 1, gelatinous body 1,
(nimble swimmer 1), tentacles
a: Renounce Religion, Depart the Abyss


You were on level 1 of the Abyss.
You worshipped Lugonu.
Lugonu was aware of your devotion.
You visited 0 branches of the dungeon, and saw 0 of its levels.
You visited the Abyss 1 time.

You collected 10 gold pieces.


Innate Abilities, Weirdness & Mutations

You cannot wear most types of armour.
You are amphibious.
You can wear up to eight rings at the same time.
Your skin changes colour to match your surroundings (Stealth+).
Your rubbery body absorbs attacks. (AC +1, EV +1)
((You are camouflaged near water. (Stealth+)))
You have tentacles for arms and can constrict up to eight enemies at once.


   Skills:
 + Level 3.1 Fighting
 + Level 2.2 Polearms
 + Level 2.5 Dodging
 + Level 2.2 Invocations


You had one spell level left.
You didn't know any spells.
Your spell library was empty.

Inventory:

Hand Weapons
 a - a +1 spear (weapon)
Jewellery
 b - an amulet of magic regeneration
   (You found it on level 1 of the Abyss)
Potions
 d - a potion of curing {unknown}

Dungeon Overview and Level Annotations

Branches:
Dungeon (0/15)

Altars:

## # ## #.#. ..
..#. #. .. #..
.### . #
#.###.#..#..#
#.###..@..#..#.##
.....#.#x..#.. .#
.#.##...##..#....
#...#.......#
#.#......##.##
##.......## .. #
≈..#...#.#.# # #
≈#.#....#..#..# .
≈ .######.#..# ..


You could see an ancient zyme.


Message History

🤖 Initializing magus.rc ...
Options error: Delay interrupt name "hungry" not recognised. (~/.crawlrc:4988) ✅ Successfully initialized magus.rc [v1.9.10] Welcome, spiderkeys the Octopode Abyssal Knight.
It is said that the Orb of Zot exists deep within this dungeon.
Lugonu says: Depart the Abyss and spread corruption, my servant! (use the ability menu to exit the Abyss) Press ? for a list of commands and other information.
Found two corrupted altars of Lugonu.
There is a corrupted altar of Lugonu here.
b - a puce potion It was a potion of flight.
You feel very buoyant.
You fly up into the air.
You are starting to lose your buoyancy.
You float gracefully downwards.
Found a gateway leading out of the Abyss.
There is a gateway leading out of the Abyss here.
Unknown command.
You now have 10 gold pieces.
You are suddenly pulled into a different region of the Abyss!
b - an amulet of magic regeneration
Okay, then.
c - a viscous pink potion A shadow imp and an ancient zyme come into view.
You feel yourself growing ill in the presence of the ancient zyme.
You hit the shadow imp but do no damage.
Your grab misses the shadow imp. The shadow imp closely misses you.
You hit the shadow imp. You grab the shadow imp.
You constrict the shadow imp, but do no damage.
The shadow imp gestures at you. Pain shoots through your body!
Ouch! That really hurt!
* * * LOW HITPOINT WARNING * * *
You hit the shadow imp. You constrict the shadow imp.
The shadow imp barely misses you. 😱 HP[-14]
You take 14 damage, and now have 2/16 hp.
MASSIVE DAMAGE!! (PAUSE)
You hit the shadow imp.
You constrict the shadow imp, but do no damage.
The shadow imp closely misses you.
You hit the shadow imp. You constrict the shadow imp.
You kill the shadow imp!
You feel yourself growing ill in the presence of the ancient zyme.
You have reached level 2! 😱 HP[+1] MP[+1]
You now have 21 max hp (+5).
Your mp is fully restored (3).
You feel ill.
You feel ill.
d - an orange potion You feel ill.
It was a potion of might.
You feel very mighty all of a sudden. The ancient zyme barely misses you.
The ancient zyme hits you!
Ouch! That really hurt!
You die...

Action                   || total
-------------------------++-------
Melee: Spear             ||     5
       Constrict         ||     1
  Use: Potion            ||     2
Dodge: Dodged            ||     4

Levels and vault maps discovered:
Abyss:1:  base: Temple, base: Temple, kilobyte_mutagenic_chamber

Notes
Turn   | Place    | Note
-------+----------+-------------------------------------------
     0 | Abyss:1  | spiderkeys the Octopode Abyssal Knight began the quest for
                  | the Orb.
     0 | Abyss:1  | Reached XP level 1. HP: 16/16 MP: 2/2
     0 | Abyss:1  | magus.rc [v1.9.10]
   324 | Abyss:1  | Noticed an ancient zyme
   331 | Abyss:1  | HP: 2/16 [shadow imp/nerve-wracking pain (14)]
   335 | Abyss:1  | Reached XP level 2. HP: 3/21 MP: 3/3
   362 | Abyss:1  | Mangled by an ancient zyme

Vanquished Creatures
  A shadow imp (Abyss:1)
1 creature vanquished.

Table legend:
 A = Non-vault XP
 B = Vault XP
 C = Vault XP percentage of total XP
 D = Non-vault monster count
 E = Vault monster count
 F = Vault count percentage of total count
                 A         B        C        D         E       F
            +---------+---------+-------+---------+---------+-------
      Total |      11 |       0 |   0.0 |       1 |       0 |   0.0
            +---------+---------+-------+---------+---------+-------
    Abyss:1 |      11 |       0 |   0.0 |       1 |       0 |   0.0
            +---------+---------+-------+---------+---------+-------

Illustrated notes

Table legend:
 A = Kills in this place as a percentage of kills in entire the game.
 B = Kills by you in this place as a percentage of kills by you in the entire game.
 C = Kills by friends in this place as a percentage of kills by friends in the entire game.
 D = Other kills in this place as a percentage of other kills in the entire game.
 E = Experience gained in this place as a percentage of experience gained in the entire game.
 F = Experience gained in this place divided by the number of levels of this place that you have seen.
                   A       B       C       D       E      F
               +-------+-------+-------+-------+-------+----------------------
         Total | 100.0 | 100.0 |   N/A |   N/A | 100.0 |  11.0
         Abyss | 100.0 | 100.0 |   N/A |   N/A | 100.0 |  11.0
               +-------+-------+-------+-------+-------+----------------------

Table legend: (Time is in decaauts)
 A = Elapsed time spent in this place.
 B = Non-inter-level travel time spent in this place.
 C = Inter-level travel time spent in this place.
 D = Time resting spent in this place.
 E = Time spent auto-exploring this place.
 F = Levels seen in this place.
 G = Mean time per level.
                   A        B        C        D        E       F      G
               +--------+--------+--------+--------+--------+-----+--------+
         Total |    362 |    362 |      0 |      0 |    318 |   1 |  362.0 |
         Abyss |    362 |    362 |      0 |      0 |    318 |   1 |  362.0 |
               +--------+--------+--------+--------+--------+-----+--------+

Top non-repeatable levels by time:
 Abyss:1: 362 daAuts
